 Dungeon Crawl Stone Soup version 0.29.1-14-g9c671dbff4 (webtiles) character file.

Game seed: 1451552011394939321

53 Thatpatchoflichen the Ogre Mage (level 3, -6/36 HPs)
             Began as an Ogre Enchanter on Feb 12, 2023.
             Mangled by a worm (10 damage)
             ... on level 2 of the Dungeon.
             The game lasted 00:05:13 (2537 turns).

Thatpatchoflichen the Ogre Mage (Ogre Enchanter)    Turns: 2537, Time: 00:05:14

Health: -6/36      AC:  3    Str: 14    XL:     3   Next: 87%
Magic:  0/7        EV: 10    Int: 16    God:
Gold:   61         SH:  0    Dex:  9    Spells: 2/7 levels left

rFire   . . .      SeeInvis .   g - +0 whip
rCold   . . .      Faith    .   (no shield)
rNeg    . . .      Spirit   .   b - +0 robe
rPois   .          Reflect  .   (helmet restricted)
rElec   .          Harm     .   (no cloak)
rCorr   .          Rampage  .   (gloves unavailable)
Will    .....                   (boots unavailable)
Stlth   ++........              (no amulet)
HPRegen 0.12/turn               e - ring of flight
MPRegen 0.10/turn               (no ring)

@: flying
A: large, unfitting armour, tough skin 1
a: no special abilities


You were on level 2 of the Dungeon.
You visited 1 branch of the dungeon, and saw 2 of its levels.

You collected 61 gold pieces.

Inventory:

Hand Weapons
 a - a +1 dagger
 g - a +0 whip (weapon)
Armour
 b - a +0 robe (worn)
Jewellery
 e - a ring of flight (left hand)
Scrolls
 h - a scroll of identify {unknown}
 j - a scroll of summoning {unknown}
Potions
 c - 2 potions of invisibility
 d - 2 potions of attraction {unknown}
 f - a potion of degeneration {unknown}
 i - a potion of brilliance {unknown}
 k - a potion of curing {unknown}


   Skills:
 + Level 2.5 Fighting
 - Level 0.8 Short Blades
 + Level 0.7 Maces & Flails
 + Level 2.5 Dodging
 - Level 2.1 Stealth
 + Level 2.9 Spellcasting
 - Level 2.6 Hexes


You had 2 spell levels left.
You knew the following spells:

 Your Spells              Type           Power      Damage    Failure   Level
a - Ensorcelled Hibernat  Hex/Ice        12%        N/A       17%         2
b - Confusing Touch       Hex            10%        N/A       19%         3

Your spell library contained the following spells:

 Spells                   Type           Power      Damage    Failure   Level
 Magic Dart               Conj           8%         1d3       19%         1
 Sting                    Tmut/Pois      8%         1d3       19%         1
 Call Imp                 Summ           2%         N/A       28%         2
 Poisonous Vapours        Pois/Air       4%         N/A       28%         2
 Tukima's Dance           Hex            10%        N/A       19%         3
 Dazzling Flash           Conj/Hex       12%        N/A       32%         3
 Mephitic Cloud           Conj/Pois/Air  2%         N/A       50%         3
 Olgreb's Toxic Radiance  Pois           2%         N/A       88%         4


Dungeon Overview and Level Annotations

Branches:
Dungeon (2/15)

Altars:


Innate Abilities, Weirdness & Mutations

You are too large for most types of armour.
You have tough skin. (AC +1)


Message History

The worm bites you!
You hit the worm.
The worm is severely wounded.
You barely miss the worm.
The worm is severely wounded.
The worm bites you!
* * * LOW HITPOINT WARNING * * *
Aiming: Ensorcelled Hibernation (safe; 17% risk of failure)
Press: ? - help, Q - select action Shift-Dir - straight line, f/p - worm
Aim: a worm (heavily wounded, not susceptible)
The worm is unaffected.
Aiming: Ensorcelled Hibernation (safe; 17% risk of failure)
Press: ? - help, Q - select action Shift-Dir - straight line, f/p - worm
Aim: a worm (heavily wounded, not susceptible)
The worm is unaffected.
The worm closely misses you.
You don't have enough magic to cast this spell.
You hit the worm but do no damage.
The worm is heavily wounded.
The worm closely misses you.
You hit the worm.
The worm is heavily wounded.
You hit the worm. You punch the worm.
The worm is almost dead.
The worm bites you but does no damage.
You barely miss the worm.
The worm is almost dead.
The worm bites you but does no damage.
You hit the worm but do no damage.
The worm is almost dead.
Aiming: Ensorcelled Hibernation (safe; 17% risk of failure)
Press: ? - help, Q - select action Shift-Dir - straight line, f/p - worm
Aim: a worm (almost dead, not susceptible)
The worm is unaffected.
The worm bites you!
* * * LOW HITPOINT WARNING * * *
You hit the worm.
The worm is almost dead.
The worm bites you!
You die...

.#####..##...### #..
#########..........##...###..
#..................####......
##.#................ #####..
#...?..#####..##..## ### ###
##.#.##.....##...... ..#
#....#..#.<..#....# #.#
#....#.......#....# #.#
#....#.<._.#.w@.#.######.######
#....#.?.....#..#..............
.....#..#.<..#..#..............
?....##.....##.##..............
........#####..##..............
...............................
[...##......######.............
.... ......## #.............
..... #.............


You could see a worm.

Vanquished Creatures
  An adder (D:2)
  3 dart slugs
  5 ball pythons
  2 bats
  4 endoplasms
  2 giant cockroaches (D:1)
  2 goblins (D:2)
  A hobgoblin (D:1)
  2 jackals (D:2)
  3 quokkas
  2 frilled lizards
  3 kobolds
  4 rats
34 creatures vanquished.

Vanquished Creatures (others)
  A plant (D:1)
1 creature vanquished.

Grand Total: 35 creatures vanquished

Notes
Turn   | Place    | Note
-------+----------+-------------------------------------------
     0 | D:1      | Thatpatchoflichen the Ogre Enchanter began the quest for
                  | the Orb.
     0 | D:1      | Reached XP level 1. HP: 16/16 MP: 3/3
   274 | D:1      | Reached skill level 1 in Fighting
   356 | D:1      | Reached XP level 2. HP: 16/27 MP: 5/5
  1349 | D:1      | Reached XP level 3. HP: 17/35 MP: 7/7
  1655 | D:1      | Learned a level 2 spell: Ensorcelled Hibernation
  1659 | D:1      | Learned a level 3 spell: Confusing Touch
  1671 | D:2      | Found a faded altar of an unknown god.
  2537 | D:2      | Mangled by a worm

Illustrated notes

Levels and vault maps discovered:
D:1:      reono_arrival_forest_river, layout_rooms, serial_bayou_pond_c
D:2:      layout_basic, nicolae_ecumenical_pavilion,
          nicolae_figureground_sparkle

Skill      XL: |  1  2 |
---------------+-------+-----
Fighting       | 1 2 |  2.5
Dodging        | 2 |  2.5
Short Blades   | |  0.8
Maces & Flails | |  0.7
Stealth        | |  2.1
Spellcasting   | |  2.9
Hexes          | |  2.6

Action                   || total
-------------------------++-------
Melee: Dagger            ||    74
       Whip              ||   122
       Punch             ||     3
 Cast: Ensorcelled Hiber ||     7
 Stab: Sleeping          ||     6
Armor: Robe              ||    90
Dodge: Dodged            ||   157
